 Dungeon Crawl Stone Soup version 0.23-a0-448-g1c01f63 (webtiles) character file.

6311 Lavandula the Carver (level 10, -5/99 HPs)
             Began as a Naga Air Elementalist on Nov 20, 2018.
             Was a High Priest of Cheibriados.
             Slain by a cyclops (32 damage)
             ... on level 11 of the Dungeon.
             The game lasted 00:21:11 (3661 turns).

Lavandula the Carver (Naga Air Elementalist)        Turns: 3661, Time: 00:21:12

Health: -5/99      AC:  8    Str: 21    XL:     10   Next: 95%
Magic:  3/11       EV: 13    Int: 28    God:    Cheibriados [*****.]
Gold:   305        SH:  0    Dex: 23    Spells: 3/13 levels left

rFire    + . .     SeeInvis +   E - +3 long sword (freeze)
rCold    . . .     Gourm    .   (no shield)
rNeg     . . .     Faith    .   a - +0 robe
rPois    +         Spirit   .   d - +0 helmet
rElec    +         Reflect  .   k - +2 cloak
rCorr    .         Harm     .   (no gloves)
MR       +....     Rnd*Tele +   (no barding)
Stlth    +++.......             (no amulet)
HPRegen  0.26/turn              M - ring of teleportation (curse)
MPRegen  0.12/turn              B - ring of protection from fire

@: very slow
A: large, see invisible, deformed body, low mp 1, poison resistance, electricity
resistance, slowness 2, slow metabolism 1, spit poison 1, weak 1, AC +3
a: Spit Poison, Bend Time, Temporal Distortion, Slouch, Step From Time, Renounce
Religion


You were on level 11 of the Dungeon.
You worshipped Cheibriados.
Cheibriados was extremely pleased with you.
You were not hungry.

You visited 1 branch of the dungeon, and saw 11 of its levels.
You also visited: Ossuary.

You collected 305 gold pieces.

Inventory:

Hand Weapons
 e - a +0 dagger
 h - a +1 dagger of protection
 i - a +1 long sword
 C - a +3 mace
 D - a +3 short sword
 E - a +3 long sword of freezing (weapon)
 F - a cursed +0 scimitar
 G - a +0 great sword
Missiles
 I - 2 throwing nets (quivered)
 J - 5 silver tomahawks
Armour
 a - a +0 robe (worn)
 d - a +0 helmet (worn)
 k - a +2 cloak (worn)
 m - a +0 ring mail
 r - a scarf of resistance
 K - a +1 hat
Jewellery
 p - an uncursed ring of positive energy
 B - a ring of protection from fire (right hand)
 M - a cursed ring of teleportation (left hand)
Wands
 g - a wand of clouds (1)
 n - a wand of digging (5)
Scrolls
 b - 2 scrolls of fear
 j - 6 scrolls of teleportation
 s - a scroll of enchant armour {unknown}
 v - a scroll of remove curse
 y - a scroll of summoning
 z - a scroll of fog
Potions
 l - 2 potions of curing
 o - 2 potions of mutation
 q - a potion of brilliance {unknown}
 t - a potion of agility {unknown}
 u - 2 potions of degeneration {unknown}
 w - a potion of invisibility {unknown}
 x - 2 potions of lignification {unknown}
 A - a potion of berserk rage {unknown}
 H - 2 potions of flight {unknown}
Comestibles
 c - 8 rations
 f - a chunk of flesh


   Skills:
 - Level 9.0 Fighting
 - Level 10.2 Long Blades
 - Level 4.5 Dodging
 - Level 3.0 Stealth
 - Level 2.0 Spellcasting
 - Level 1.0 Conjurations
 - Level 6.5 Air Magic
 + Level 2.6 Invocations
 - Level 2.5 Evocations


You had 3 spell levels left.
You knew the following spells:

 Your Spells              Type           Power        Failure   Level  Hunger
a - Shock                 Conj/Air       ###.         1%          1    None
b - Swiftness             Chrm/Air       ###.....     3%          2    ##.....
c - Static Discharge      Conj/Air       ###.....     6%          3    ###....
d - Airstrike             Air            #####.....   6%          4    ####...

Your spell library contained the following spells:

 Spells                   Type           Power        Failure   Level  Hunger
 Lightning Bolt           Conj/Air       ###.......   47%         5    ######.


Dungeon Overview and Level Annotations

Branches:
Dungeon (11/15)            Temple (0/1) D:5
   Lair: D:8-11         Orc: D:9-12

Altars:
Cheibriados
Dithmenos
Elyvilon
Gozag
Kikubaaqudgha
Nemelex Xobeh
Qazlal
Uskayaw
The Shining One


Innate Abilities, Weirdness & Mutations

You cannot wear boots.
Your serpentine skin is tough. (AC +3)
You have supernaturally acute eyesight. (SInv)
Armour fits poorly on your strangely shaped body.
Your system is resistant to poisons. (rPois)
You cover ground very slowly.
You have a slow metabolism.
You can spit poison.
Your magical capacity is low. (-10% MP)
You are resistant to electric shocks. (rElec)
You are weak. (Str -2)


Message History

Aiming: Shock (safe; 1% risk of failure)
Press: ? - help, Shift-Dir - straight line The zap hits the centaur.
You kill the centaur!
Cheibriados thoroughly appreciates the change of pace.
You can now step out of the time flow.
Cheibriados raises the support of your attributes as your movement slows.
The cyclops throws a large rock.
The large rock hits you!! The cyclops hits you!
* * * LOW HITPOINT WARNING * * *
The cyclops barely misses you.
You hit the cyclops but do no damage.
The cyclops is severely wounded.
The orc closely misses you.
You riposte.
You slash the orc! You freeze the orc.
You kill the orc!
Cheibriados appreciates the change of pace.
You hit the cyclops. You freeze the cyclops.
The cyclops is almost dead.
The cyclops hits you!!
You die...

#.# #.# #.# # #.#
#.#.#
#.#.#############
#.........<.....#
.#####)#############
.......C@).......
#.#####.#########
#.# #.# #.# #.# #.#
..


You could see a cyclops.

Vanquished Creatures
  Gastronok (D:9)
  A two-headed ogre (D:8)
  A wraith (D:10)
  5 yaks (D:9)
  A wyvern (D:8)
  4 ice beasts
  2 black bears
  2 ogres
  A crocodile (D:11)
  4 centaurs
  A bullfrog (D:10)
  4 water moccasin zombies (Ossuary)
  A scorpion (D:4)
  5 wights (D:8)
  2 electric eels (D:10)
  A howler monkey (D:4)
  3 crimson imps
  2 centaur zombies
  3 orc priests
  A quasit (D:9)
  6 hounds
  3 centaur skeletons
  A jelly (D:10)
  5 orc wizards
  5 worker ants
  3 big kobold zombies (Ossuary)
  2 hound skeletons
  2 mummies (Ossuary)
  A howler monkey skeleton (D:8)
  7 adders
  2 shadow imps
  8 adder zombies
  2 worms (D:2)
  A dart slug (D:1)
  A leopard gecko (D:2)
  13 orcs
  A giant cockroach (D:2)
  4 goblins
  A hobgoblin (D:1)
  3 jackals (D:6)
  3 kobolds
  3 quokkas
  2 bats
  2 frilled lizards
  3 gnoll zombies (Ossuary)
  2 hobgoblin zombies (Ossuary)
  4 kobold zombies (Ossuary)
  3 orc zombies (Ossuary)
  A quokka skeleton (D:7)
  A quokka zombie (D:8)
  3 rats
143 creatures vanquished.

Notes
Turn   | Place    | Note
-------+----------+-------------------------------------------
     0 | D:1      | Lavandula the Naga Air Elementalist began the quest for the
                  | Orb.
     0 | D:1      | Reached XP level 1. HP: 15/15 MP: 3/3
    94 | D:1      | Reached XP level 2. HP: 15/22 MP: 0/5
   329 | D:3      | Reached XP level 3. HP: 28/28 MP: 4/6
   470 | D:4      | Reached skill level 5 in Air Magic
   470 | D:4      | Reached XP level 4. HP: 34/36 MP: 2/7
   483 | D:4      | Learned a level 2 spell: Swiftness
   487 | D:4      | Learned a level 3 spell: Static Discharge
   517 | D:4      | Reached skill level 1 in Fighting
   544 | D:3      | Found an ancient bone altar of Kikubaaqudgha.
   561 | D:3      | Found a stormy altar of Qazlal.
   562 | D:3      | Found a hide-covered altar of Uskayaw.
   562 | D:3      | Found a shadowy altar of Dithmenos.
   562 | D:3      | Found a glowing golden altar of the Shining One.
   562 | D:3      | Found a snail-covered altar of Cheibriados.
   563 | D:3      | Found a white marble altar of Elyvilon.
   568 | D:3      | Found a sparkling altar of Nemelex Xobeh.
   575 | D:3      | Found an opulent altar of Gozag.
   578 | D:3      | Became a worshipper of Cheibriados the Contemplative
   618 | D:4      | Reached XP level 5. HP: 12/45 MP: 0/8
   730 | D:5      | Entered Level 5 of the Dungeon
   766 | D:4      | Reached XP level 6. HP: 31/57 MP: 4/9
  1001 | D:5      | Found a staircase to the Ecumenical Temple.
  1177 | D:6      | Reached skill level 5 in Fighting
  1182 | D:6      | Reached XP level 7. HP: 29/67 MP: 10/10
  1256 | D:7      | Reached * piety under Cheibriados
  1256 | D:7      | Reached skill level 1 in Evocations
  1303 | D:7      | Learned a level 4 spell: Airstrike
  1533 | D:7      | Noticed a hippogriff
  1574 | D:7      | Found a sand-covered staircase.
  1584 | Ossuary  | Entered an ossuary
  1647 | Ossuary  | Reached skill level 1 in Long Blades
  1647 | Ossuary  | Reached XP level 8. HP: 52/74 MP: 3/11
  1666 | Ossuary  | Reached skill level 2 in Long Blades
  1755 | Ossuary  | Reached ** piety under Cheibriados
  2088 | D:8      | Noticed a two-headed ogre
  2096 | D:8      | Killed a two-headed ogre
  2096 | D:8      | Reached XP level 9. HP: 42/90 MP: 6/12
  2221 | D:8      | Reached *** piety under Cheibriados
  2419 | D:8      | Gained mutation: You are weak. (Str -2) [potion of
                  | mutation]
  2419 | D:8      | Gained mutation: Your magical capacity is low. (-10% MP)
                  | [potion of mutation]
  2419 | D:8      | Gained mutation: You are resistant to electric shocks.
                  | (rElec) [potion of mutation]
  2530 | D:8      | Found a shadowy altar of Dithmenos.
  2687 | D:8      | Reached skill level 3 in Long Blades
  2716 | D:8      | Reached skill level 4 in Long Blades
  2729 | D:9      | Reached skill level 5 in Long Blades
  2738 | D:10     | Entered Level 10 of the Dungeon
  2827 | D:9      | Reached skill level 6 in Long Blades
  2827 | D:9      | Reached XP level 10. HP: 86/99 MP: 11/11
  2911 | D:9      | Noticed Gastronok
  2928 | D:9      | Killed Gastronok
  2928 | D:9      | Reached **** piety under Cheibriados
  2928 | D:9      | Reached skill level 9 in Long Blades
  3349 | D:10     | Reached skill level 10 in Long Blades
  3549 | D:10     | Reached skill level 1 in Invocations
  3637 | D:11     | Noticed a cyclops
  3658 | D:11     | Reached ***** piety under Cheibriados
  3661 | D:11     | Slain by a cyclops

Vault maps used:
D:1:      ncdulo_wetmaze
D:2:      minmay_misc_feat_encased, roderic_lattice_a, uniq_sigmund
D:3:      kennysheep_goblin_castle, minitemple
D:4:      nicolae_qazlal_eye_of_the_storm
D:5:      temple_hall, first_ration
D:7:      nicolae_ossuary_entry_monument, minmay_small_thing
D:8:      nicolae_dithmenos_through_a_glass_darkly
D:9:      uniq_gastronok
D:10:     minmay_chambers_of_sixes, serial_bayou, serial_bayou_pond_a,
          serial_bayou_shore_b, serial_bayou_shore_b, serial_bayou_lagoon_b,
          uniq_erolcha
D:11:     kennysheep_spiral_hall, dpeg_oklobed_lair, david_orc_4,
          okawaru_humans, uniq_snorg
Ossuary:  ossuary_tomb_2

Skill      XL: |  1  2  3  4  5  6  7  8  9 10 |
---------------+-------------------------------+-----
Air Magic      | 4 5 6 |  6.5
Fighting       | 2 3 5 8 9 |  9.0
Evocations     | 2 |  2.5
Long Blades    | 1 2 6 10 | 10.2
Dodging        | 4 |  4.5
Invocations    | 2 |  2.6
Stealth        | |  3.0
Spellcasting   | |  2.0
Conjurations   | |  1.0

Action                   |  1- 3 |  4- 6 |  7- 9 | 10-12 || total
-------------------------+-------+-------+-------+-------++-------
Melee: Unarmed           |     8 |       |       |       ||     8
       Long sword        |     3 |    54 |   182 |    65 ||   304
       Dagger            |     1 |       |       |       ||     1
 Cast: Shock             |    30 |    26 |   108 |    35 ||   199
       Static Discharge  |       |     1 |       |       ||     1
       Airstrike         |       |       |       |     2 ||     2
Invok: Bend Time         |       |       |     2 |       ||     2
 Abil: Spit Poison       |    19 |    10 |    14 |     2 ||    45
Evoke: Wand              |       |       |    14 |     5 ||    19
  Use: Scroll            |       |     6 |     2 |     2 ||    10
       Potion            |       |     1 |     1 |     1 ||     3
 Stab: Sleeping          |     2 |       |     3 |     2 ||     7
  Eat: Chunk             |       |     3 |     4 |     4 ||    11
Armor: Robe              |     6 |    32 |   118 |    15 ||   171
Dodge: Dodged            |    17 |    47 |   157 |    32 ||   253
       Rpst.: Long sword |     1 |    13 |    51 |     9 ||    74

Table legend:
 A = Non-vault XP
 B = Vault XP
 C = Vault XP percentage of total XP
 D = Non-vault monster count
 E = Vault monster count
 F = Vault count percentage of total count
                 A         B        C        D         E       F
            +---------+---------+-------+---------+---------+-------
      Total |    5861 |    3155 |  35.0 |     108 |      35 |  24.5
            +---------+---------+-------+---------+---------+-------
        D:1 |      11 |       0 |   0.0 |       5 |       0 |   0.0
        D:2 |      22 |       0 |   0.0 |       9 |       0 |   0.0
        D:3 |      27 |       0 |   0.0 |       9 |       0 |   0.0
        D:4 |     369 |       0 |   0.0 |      13 |       0 |   0.0
        D:5 |      66 |       0 |   0.0 |       2 |       0 |   0.0
        D:6 |     138 |       0 |   0.0 |       7 |       0 |   0.0
        D:7 |     530 |       0 |   0.0 |      12 |       0 |   0.0
        D:8 |    2594 |       0 |   0.0 |      21 |       0 |   0.0
        D:9 |    1715 |    2141 |  55.5 |      22 |       1 |   4.3
       D:10 |     155 |     542 |  77.8 |       4 |       6 |  60.0
       D:11 |     234 |       0 |   0.0 |       4 |       0 |   0.0
    Ossuary |       0 |     472 | 100.0 |       0 |      28 | 100.0
            +---------+---------+-------+---------+---------+-------
